 Dungeon Crawl Stone Soup version 0.30-a0-134-gb40fab5c76 (webtiles) character file.

Game seed: 2808830214845241351

2017 greasedhog the Cleaver (level 9, -8/74 HPs)
             Began as a Hill Orc Fighter on Sept 19, 2022.
             Was a Priest of Uskayaw.
             Mangled by Duvessa
             ... wielding a +0 short sword
              (14 damage)
             ... on level 6 of the Dungeon.
             The game lasted 00:05:42 (5724 turns).

greasedhog the Cleaver (Hill Orc Fighter)           Turns: 5724, Time: 00:05:43

Health: -8/74      AC: 12    Str: 23    XL:     9   Next: 23%
Magic:  6/10       EV:  9    Int:  8    God:    Uskayaw [***...]
Gold:   129        SH:  4    Dex: 10    Spells: 8/8 levels left

rFire   . . .      SeeInvis .    a - +1 war axe (chaos)
rCold   . . .      Faith    .    c - +0 buckler
rNeg    . . .      Spirit   .    l - +0 chain mail
rPois   .          Reflect  .    n - +0 helmet
rElec   .          Harm     .    v - +0 cloak
rCorr   .          Rampage  .    (no gloves)
Will    .....                    (no boots)
Stlth   ..........               (no amulet)
HPRegen 0.22/turn                (no ring)
MPRegen 0.12/turn                (no ring)

@: mighty
A: no striking features
a: Renounce Religion, Stomp, Line Pass


You were on level 6 of the Dungeon.
You worshipped Uskayaw.
Uskayaw was noncommittal.
You visited 2 branches of the dungeon, and saw 7 of its levels.

You collected 249 gold pieces.
You spent 120 gold pieces at shops.

Inventory:

Hand Weapons
 a - a +1 war axe of chaos (weapon)
Missiles
 k - a throwing net (quivered)
Armour
 c - a +0 buckler (worn)
 l - a +0 chain mail (worn)
 n - a +0 helmet (worn)
 v - a +0 cloak (worn)
Jewellery
 y - an amulet of reflection
Wands
 u - a wand of flame (32)
Scrolls
 h - a scroll of enchant weapon
 q - a scroll of teleportation
 r - a scroll of vulnerability
 t - a scroll of butterflies {unknown}
 w - 2 scrolls of identify
 x - a scroll of poison {unknown}
Potions
 b - a potion of haste {unknown}
 d - 3 potions of might
 e - 2 potions of degeneration {unknown}
 f - a potion of brilliance {unknown}
 g - 3 potions of curing {unknown}
 i - 2 potions of attraction {unknown}
 j - 3 potions of flight {unknown}
 m - 2 potions of magic {unknown}
 o - a potion of berserk rage {unknown}
 p - a potion of resistance {unknown}
 s - a potion of mutation {unknown}


   Skills:
 - Level 5.2 Fighting
 * Level 11.0 Axes
 - Level 5.3 Armour
 - Level 5.0 Dodging
 * Level 4.0 Shields
 * Level 2.2 Invocations


You had 8 spell levels left.
You didn't know any spells.
Your spell library contained the following spells:

 Spells                   Type           Power      Damage    Failure   Level
 Blink                    Tloc           0%         N/A       99%         2
 Sublimation of Blood     Necr           0%         N/A       99%         2
 Wereblood                Tmut           0%         N/A       99%         2
 Lesser Beckoning         Tloc           0%         N/A       100%        3
 Manifold Assault         Tloc           0%         N/A       100%        4
 Summon Hydra             Summ           0%         N/A       100%        7


Dungeon Overview and Level Annotations

Branches:
Dungeon (6/15)             Temple (1/1) D:6

Altars:
Ashenzari
Cheibriados
Dithmenos
Fedhas
Hepliaklqana
Kikubaaqudgha
Makhleb
Okawaru
Qazlal
Ru
Sif Muna
Trog
Uskayaw
Vehumet
Wu Jian
Xom
Yredelemnul
Zin
The Shining One

Shops:
D:4 *

Annotations:
D:6 Duvessa


Message History

The bullfrog changes into a shapeshifter!
The shapeshifter changes into a komodo dragon!
Something hits you!
* * * LOW HITPOINT WARNING * * *
Unknown command.
You slash the komodo dragon!
Lightning courses through the komodo dragon!
The komodo dragon is severely wounded.
You barely miss something. You block something's attack.
Uskayaw will force your foes to helplessly watch your dance.
Uskayaw prepares the audience for your solo!
The helpless komodo dragon fails to defend itself.
You hit the komodo dragon.
The komodo dragon is almost dead.
You hit something.
The komodo dragon is no longer paralysed.
The komodo dragon closely misses you.
Uskayaw will force your foes to share their pain.
Uskayaw links your audience in an emotional bond!
You slash the komodo dragon!
You kill the komodo dragon!
You barely miss something. Something hits you but does no damage.
Your Axes skill increases to level 11!
Your Shields skill increases to level 4!
Your Invocations skill gained 2 levels and is now at level 2!
Unknown command.
Aiming: Line Pass
Press: ? - help, Dir - move target
Okay, then.
You barely miss something. Something hits you.
* * * LOW HITPOINT WARNING * * *
Something hits you!
* * * LOW HITPOINT WARNING * * *
You stomp with the beat, sending a shockwave through the revellers around you!
Something hits you.
* * * LOW HITPOINT WARNING * * *
You hit something.
Nothing appears to happen.
Something hits you but does no damage. Something hits you!
You die...

...# ...#####.#..
##..###.##.##..##. .
#.......#.......#. ..
#.>...#...>..#... ...
###.##.......###.# ....
#...#..####..###..
#....###..#.###
##..##..
#........#..##...#..##.
#@........#....†.#
#....{)##......######..
#..#...##..##### ### #
###....## ...... ......
..#..... ..#.....


There were no monsters in sight!

Vanquished Creatures
  Pikel (D:5)
  A komodo dragon (shapeshifter) (D:6)
  Menkaure (D:4)
  A sky beast (D:6)
  2 black bears
  An ogre (D:5)
  Blork the orc (D:4)
  A necrophage (D:5)
  2 scorpions
  Dowan (D:6)
  A gnoll bouda (D:5)
  A hound (D:4)
  Crazy Yiuf (D:4)
  6 iguanas
  Terence (D:2)
  An orc wizard (D:3)
  Robin (D:3)
  7 gnolls (D:5)
  8 adders
  An ufetubus (D:4)
  A worm (D:4)
  A dart slug (D:3)
  11 orcs
  6 ball pythons
  4 bats
  4 endoplasms
  2 giant cockroaches
  19 goblins
  7 hobgoblins
  8 jackals
  2 quokkas
  2 frilled lizards
  5 kobolds
  2 rats (D:2)
114 creatures vanquished.

Notes
Turn   | Place    | Note
-------+----------+-------------------------------------------
     0 | D:1      | greasedhog the Hill Orc Fighter began the quest for the
                  | Orb.
     0 | D:1      | Reached XP level 1. HP: 19/19 MP: 1/1
    19 | D:1      | Reached skill level 3 in Axes
    93 | D:1      | Reached XP level 2. HP: 27/27 MP: 2/2
   172 | D:1      | Found a faded altar of an unknown god.
   451 | D:1      | Reached XP level 3. HP: 33/34 MP: 3/3
  1161 | D:2      | Noticed Terence
  1171 | D:2      | Killed Terence
  1172 | D:2      | Reached skill level 4 in Axes
  1394 | D:3      | Reached XP level 4. HP: 36/41 MP: 4/4
  1478 | D:3      | Reached skill level 5 in Fighting
  1868 | D:3      | Reached skill level 5 in Axes
  1890 | D:3      | Reached XP level 5. HP: 23/48 MP: 5/5
  2167 | D:3      | Found a glowing golden altar of the Shining One.
  2419 | D:3      | Noticed Robin
  2426 | D:3      | Killed Robin
  2865 | D:4      | Reached skill level 6 in Axes
  2865 | D:4      | Reached XP level 6. HP: 45/56 MP: 6/6
  3186 | D:4      | Found a runed translucent door.
  3187 | D:4      | Noticed Crazy Yiuf
  3214 | D:4      | Noticed Blork the orc
  3227 | D:4      | Killed Blork the orc
  3453 | D:4      | Noticed a black bear
  3458 | D:4      | Killed a black bear
  3459 | D:4      | Reached skill level 7 in Axes
  3459 | D:4      | Reached skill level 5 in Armour
  3459 | D:4      | Reached XP level 7. HP: 61/61 MP: 7/7
  3565 | D:4      | Found Hiusar's Humungous Hoard.
  3571 | D:4      | Bought 2 potions of heal wounds for 120 gold pieces
  3617 | D:4      | Noticed Menkaure
  3624 | D:4      | Killed Menkaure
  3625 | D:4      | Reached skill level 1 in Dodging
  3803 | D:4      | Killed Crazy Yiuf
  3852 | D:5      | Entered Level 5 of the Dungeon
  3861 | D:5      | Reached skill level 8 in Axes
  3996 | D:5      | Found a shimmering blue altar of Sif Muna.
  3999 | D:5      | Found an ornate altar of the Wu Jian Council.
  4024 | D:5      | Found a bloodstained altar of Trog.
  4026 | D:5      | Found a sacrificial altar of Ru.
  4027 | D:5      | Found a shimmering altar of Xom.
  4028 | D:5      | Found a blossoming altar of Fedhas.
  4029 | D:5      | Found a shadowy altar of Dithmenos.
  4190 | D:5      | HP: 3/61 [gnoll/+0 spear[a gnoll bouda] (5)]
  4394 | D:5      | Reached XP level 8. HP: 60/68 MP: 8/8
  4705 | D:5      | Reached skill level 9 in Axes
  4844 | D:5      | Noticed Pikel
  4858 | D:5      | Killed Pikel
  4859 | D:5      | Reached skill level 10 in Axes
  5568 | D:6      | Reached skill level 5 in Dodging
  5568 | D:6      | Reached XP level 9. HP: 74/74 MP: 9/9
  5580 | D:6      | Found a staircase to the Ecumenical Temple.
  5603 | Temple   | Entered the Ecumenical Temple
  5679 | Temple   | Became a worshipper of Uskayaw the Reveller
  5707 | D:6      | Noticed Duvessa
  5709 | D:6      | Noticed Dowan
  5714 | D:6      | Reached * piety under Uskayaw
  5717 | D:6      | Killed Dowan
  5717 | D:6      | Reached ** piety under Uskayaw
  5718 | D:6      | a shapeshifter changed into a komodo dragon
  5718 | D:6      | Noticed a komodo dragon (shapeshifter)
  5719 | D:6      | Reached *** piety under Uskayaw
  5720 | D:6      | Reached **** piety under Uskayaw
  5721 | D:6      | Killed a komodo dragon
  5722 | D:6      | Reached skill level 11 in Axes
  5724 | D:6      | Mangled by Duvessa

Illustrated notes

Levels and vault maps discovered:
D:1:      minmay_arrival_jagged, layout_rooms,
          hellmonk_ecumenical_altar_crossroads
D:2:      layout_rooms, uniq_terence
D:3:      kennysheep_goblin_castle, layout_basic, nicolae_tso_carved_into_rock,
          minivault_25, minivault_26, minmay_quantized
D:4:      layout_loops_ring, nicolae_alphabet_shops, uniq_blork_the_orc,
          uniq_crazy_yiuf_cottage, uniq_menkaure
D:5:      layout_layer_cave, minitemple, minmay_misc_feat_encased,
          dreamdust_princess_bridge, uniq_pikel
D:6:      layout_cave_pools, nicolae_overflow_hidden_temple,
          minmay_temple_entry_wispy, uniq_duvessa
Temple:   jpeg_temple_clearing

Skill      XL: |  1  2  3  4  5  6  7  8  9 |
---------------+----------------------------+-----
Axes           | 3 4 5 6 7 8 10 11 | 11.0
Fighting       | 4 5 |  5.2
Armour         | 4 5 |  5.3
Dodging        | 2 5 |  5.0
Shields        | 4 |  4.0
Invocations    | 2 |  2.2

Action                   |  1- 3 |  4- 6 |  7- 9 || total
-------------------------+-------+-------+-------++-------
Melee: War axe           |    52 |   166 |   116 ||   334
Invok: Stomp             |       |       |     1 ||     1
  Use: Scroll            |     6 |     2 |       ||     8
       Potion            |       |       |     5 ||     5
 Stab: Paralysed         |       |     1 |     1 ||     2
Armor: Scale mail        |    29 |    37 |       ||    66
       Chain mail        |       |    55 |    67 ||   122
Dodge: Dodged            |    17 |    80 |    43 ||   140
Block: Buckler           |    14 |    28 |    20 ||    62

Table legend: (Time is in decaauts)
 A = Elapsed time spent in this place.
 B = Non-inter-level travel time spent in this place.
 C = Inter-level travel time spent in this place.
 D = Time resting spent in this place.
 E = Time spent auto-exploring this place.
 F = Levels seen in this place.
 G = Mean time per level.
                   A        B        C        D        E       F      G
               +--------+--------+--------+--------+--------+-----+--------+
         Total |   5796 |   5585 |    211 |    707 |   4040 |   7 |  828.0 |
       Dungeon |   5705 |   5508 |    197 |    707 |   3979 |   6 |  950.8 |
        Temple |     91 |     77 |     14 |      0 |     61 |   1 |   91.0 |
               +--------+--------+--------+--------+--------+-----+--------+

Top non-repeatable levels by time:
     D:5: 1689 daAuts
     D:3: 1352 daAuts
     D:4: 1163 daAuts
     D:2: 732 daAuts
     D:1: 668 daAuts
     D:6: 97 daAuts
  Temple: 91 daAuts
